 Dungeon Crawl Stone Soup version 0.31.0-4-g52a2dc7128 (webtiles) character file.

Game seed: 5969295434541998978

1292 shadowrider38 the Cleaver (level 8, -12/71 HPs)
             Began as a Minotaur Fighter on Jan 22, 2024.
             Was a Follower of Elyvilon.
             Mangled by an orc warrior
             ... wielding a +0 war axe
              (16 damage)
             ... on level 6 of the Dungeon.
             The game lasted 00:02:50 (4221 turns).

shadowrider38 the Cleaver (Minotaur Fighter)        Turns: 4221, Time: 00:02:50

Health: -12/71     AC:  7    Str: 24    XL:     8   Next: 30%
Magic:  7/7        EV:  9    Int:  5    God:    Elyvilon [*.....]
Gold:   258        SH:  5    Dex:  9    Spells: 7/7 levels left

rFire   + . .        a - +0 war axe
rCold   + . .        x - +0 buckler
rNeg    . . .        b - +0 scale mail
rPois   .            (helmet restricted)
rElec   .            (no cloak)
rCorr   .            (no gloves)
SInv    .            (no boots)
Will    .....        r - amulet of regeneration Stlth
                     f - ring of protection from fire
HPRegen 1.11/turn    c - ring of protection from cold
MPRegen 0.10/turn

%: no passive effects
@: mighty, hasted, very quick
A: horns 2, retaliatory headbutt
a: Renounce Religion, Purification


You were on level 6 of the Dungeon.
You worshipped Elyvilon.
Elyvilon was aware of your devotion.
You visited 1 branch of the dungeon, and saw 6 of its levels.

You collected 258 gold pieces.

Inventory:

Hand Weapons
 a - a +0 war axe (weapon)
Missiles
 t - 2 boomerangs (quivered)
 J - 4 atropa-tipped darts
Armour
 b - a +0 scale mail (worn)
 m - an orb of guile
 q - a +0 pair of boots
 x - a +0 buckler (worn)
Jewellery
 c - a ring of protection from cold (right hand)
 f - a ring of protection from fire (left hand)
 r - an amulet of regeneration (around neck)
Wands
 v - a wand of roots (16)
Scrolls
 g - a scroll of butterflies {unknown}
 h - a scroll of silence {unknown}
 i - a scroll of enchant weapon {unknown}
 j - a scroll of immolation
 n - 4 scrolls of vulnerability
 o - a scroll of fear {unknown}
 p - 2 scrolls of amnesia {unknown}
 s - a scroll of revelation {unknown}
 y - a scroll of fog
 B - a scroll of blinking
 T - 5 scrolls of teleportation
Potions
 d - a potion of brilliance
 e - 2 potions of attraction
 k - 2 potions of degeneration
 w - a potion of mutation


   Skills:
 + Level 6.5 Fighting
 * Level 8.0 Axes
 + Level 6.4 Armour
 + Level 6.5 Shields


You had 7 spell levels left.
You didn't know any spells.
Your spell library contained the following spells:

 Spells                   Type           Power      Damage    Failure   Level
 Magic Dart               Conj           0%         1d3       82%         1
 Ensorcelled Hibernation  Hex/Ice        0%         N/A       91%         2
 Searing Ray              Conj           0%         2d4       91%         2
 Fugue of the Fallen      Necr           0%         N/A       99%         3
 Anguish                  Hex/Necr       0%         N/A       100%        4
 Fulminant Prism          Conj/Alch      0%         3d5       100%        4


Dungeon Overview and Level Annotations

Branches:
Dungeon (6/15) Zot: 26880
 Temple: D:4-7

Altars:
Cheibriados
Elyvilon
Fedhas
Hepliaklqana
Kikubaaqudgha
Nemelex Xobeh
Qazlal
Sif Muna
Trog
Wu Jian
Xom
Yredelemnul

Shops:
D:1 =

Annotations:
D:3 1 runed translucent door, BeingJoeMalik's ghost, amateur DsAl


Innate Abilities, Weirdness & Mutations

You have a pair of horns on your head.
You reflexively headbutt those who attack you in melee.


Message History

The orc warrior is heavily wounded.
You barely miss something. Something hits you but does no damage.
The orc warrior hits you with a +0 war axe!
You barely miss the orc warrior.
The orc warrior is heavily wounded.
You miss something.
You hear some strange, mumbled words.
A puff of flame appears from out of thin air!
The puff of flame hits you. You resist.
The orc warrior hits you with a +0 war axe!
You hit the orc warrior but do no damage.
The orc warrior is heavily wounded.
You miss something.
You hear some strange, mumbled words.
You are confused.
The orc warrior hits you with a +0 war axe!
You bump into the rock wall.
You hear some strange, mumbled words.
A magic dart appears from out of thin air!
The magic dart hits you!
The orc warrior hits you with a +0 war axe.
* * * LOW HITPOINT WARNING * * *
You hear some strange, mumbled words.
You are more confused.
Okay, then.
You feel better. The orc warrior barely misses you.
You feel yourself speed up.
The orc warrior hits you with a +0 war axe!!
* * * LOW HITPOINT WARNING * * *
You barely miss the orc warrior.
You headbutt the orc warrior, but do no damage.
The orc warrior is heavily wounded.
The orc warrior hits you with a +0 war axe!
* * * LOW HITPOINT WARNING * * *
You feel very mighty all of a sudden. You block the orc warrior's attack.
You hit the orc warrior.
You headbutt the orc warrior, but do no damage.
The orc warrior is severely wounded.
The orc warrior hits you with a +0 war axe.
* * * LOW HITPOINT WARNING * * *
Unknown command.
Okay, then.
Okay, then.
Unknown command.
You barely miss the orc warrior. You headbutt the orc warrior.
The orc warrior is severely wounded.
The orc warrior attacks as it pursues you!
The orc warrior hits you with a +0 war axe!
You die...

........#
..................#
.<................#
..................#######
......... ..............
............#............
#.....##....##...........##
.......#...........).......
................@...# ....
......###....>#.#o### .....
###...# #..##...#.###......
##..##...##..##.o........
###†...# #....o.#####.##
###......#.##.......##
.........#.##...###.....
##....#..................
##.......###.......#####.


You could see an orc warrior and 2 orcs.

Vanquished Creatures
  Sigmund (D:3)
  3 black bears
  A phantom (D:4)
  2 scorpions
  A bullfrog (D:6)
  5 hounds
  2 orc priests (D:5)
  A jelly (D:6)
  2 iguanas
  3 orc wizards
  Ijyb (D:4)
  Natasha (D:2)
  3 gnolls (D:3)
  7 adders
  A white imp (D:4)
  2 ufetubi (D:6)
  A dart slug (D:1)
  13 orcs
  5 endoplasms
  4 giant cockroaches
  10 goblins
  9 hobgoblins
  4 jackals (D:1)
  9 kobolds
  3 quokkas
  9 ball pythons
  6 bats
  2 rats
111 creatures vanquished.

Notes
Turn   | Place    | Note
-------+----------+-------------------------------------------
     0 | D:1      | shadowrider38 the Minotaur Fighter began the quest for the
                  | Orb.
     0 | D:1      | Reached XP level 1. HP: 19/19 MP: 0/0
   204 | D:1      | Reached XP level 2. HP: 27/27 MP: 1/1
   242 | D:1      | Reached skill level 3 in Axes
   295 | D:1      | Found Xuevusk's Jewellery Shoppe.
   437 | D:1      | Reached XP level 3. HP: 22/33 MP: 2/2
   848 | D:2      | Found a faded altar of an unknown god.
  1040 | D:2      | Found a shimmering altar of Xom.
  1322 | D:2      | Noticed Natasha
  1328 | D:2      | Killed Natasha
  1329 | D:2      | Reached skill level 4 in Axes
  1329 | D:2      | Reached XP level 4. HP: 40/40 MP: 3/3
  1492 | D:3      | Reached XP level 5. HP: 47/47 MP: 4/4
  1517 | D:3      | Found an ancient bone altar of Kikubaaqudgha.
  1898 | D:3      | Noticed Sigmund
  1901 | D:3      | Found a runed translucent door.
  1905 | D:3      | Killed Sigmund
  1906 | D:3      | Reached skill level 5 in Axes
  1906 | D:3      | Reached XP level 6. HP: 55/55 MP: 5/5
  1943 | D:3      | Noticed BeingJoeMalik's ghost (amateur DsAl)
  1968 | D:3      | Found a faded altar of an unknown god.
  1973 | D:3      | Found a basalt altar of Yredelemnul.
  2031 | D:3      | Found a shimmering blue altar of Sif Muna.
  2103 | D:3      | Found a sparkling altar of Nemelex Xobeh.
  2185 | D:4      | Found a stormy altar of Qazlal.
  2262 | D:4      | Found a blossoming altar of Fedhas.
  2530 | D:4      | Found a white marble altar of Elyvilon.
  2531 | D:4      | Found an ornate altar of the Wu Jian Council.
  2552 | D:4      | Noticed Ijyb
  2567 | D:4      | Killed Ijyb
  2881 | D:4      | Became a worshipper of Elyvilon the Healer
  3001 | D:4      | Reached skill level 6 in Axes
  3001 | D:4      | Reached XP level 7. HP: 61/61 MP: 6/6
  3245 | D:5      | Entered Level 5 of the Dungeon
  3398 | D:5      | Found a bloodstained altar of Trog.
  3468 | D:5      | Found a snail-covered altar of Cheibriados.
  3489 | D:5      | Reached * piety under Elyvilon
  3582 | D:5      | Reached skill level 7 in Axes
  3817 | D:5      | Found a hazy altar of Hepliaklqana.
  3926 | D:5      | Reached XP level 8. HP: 66/70 MP: 7/7
  3982 | D:5      | Found a shimmering altar of Xom.
  4175 | D:6      | Reached skill level 8 in Axes
  4219 | D:6      | HP: 3/71 [orc warrior/+0 war axe (5)]
  4221 | D:6      | Mangled by an orc warrior

Illustrated notes

Levels and vault maps discovered:
D:1:      dpeg_arrival_water_temple_mockup, layout_loops_ring, serial_shops,
          shop, minmay_cupped
D:2:      layout_basic, basic_altar, nicolae_ecumenical_oubliette, uniq_natasha
D:3:      layout_loops_ring, nicolae_overflow_ecumenical_swirl,
          lemuel_crystal_altar, led_sif_pool, mainiacjoe_overflow_alcove_2,
          ebering_ghost_reflecting_pool, minmay_misc_feat_pillars, uniq_sigmund
D:4:      layout_loops_cross, grunt_temple_overflow_forces_of_nature,
          gammafunk_temple_overflow_pools, uniq_ijyb
D:5:      layout_rooms, nicolae_hepliaklqana_hippocampus,
          mainiacjoe_overflow_two_lobes, lemuel_round_altar, serial_bayou_lake_a
D:6:      lemuel_ratsnest, layout_rooms, minmay_temple_entry_antechambers

Skill      XL: |  1  2  3  4  5  6  7  8 |
---------------+-------------------------+-----
Axes           | 3 4 5 6 7 8 |  8.0
Fighting       | 4 5 6 |  6.5
Shields        | 4 5 6 |  6.5
Armour         | 4 5 6 |  6.4

Action                     |  1- 3 |  4- 6 |  7- 9 || total
---------------------------+-------+-------+-------++-------
  Melee: War axe           |    99 |    72 |   119 ||   290
         Headbutt          |    13 |     9 |    16 ||    38
  Evoke: Wand              |       |     1 |       ||     1
    Use: Potion            |       |     1 |     6 ||     7
         Scroll            |       |     7 |     4 ||    11
 Armour: Scale mail        |    86 |    43 |   139 ||   268
  Dodge: Dodged            |    58 |    39 |    59 ||   156
  Block: Buckler           |    25 |    15 |    28 ||    68
